 Dungeon Crawl Stone Soup version 0.29-a0-352-g0917bc69df (webtiles) character file.

Game seed: 1700975747711291259

4 sammy202020 the Skirmisher (level 1, -8/18 HPs)
             Began as a Demonspawn Berserker on Apr 24, 2022.
             Was a Follower of Trog.
             Mangled by a worm (9 damage)
             ... on level 2 of the Dungeon.
             The game lasted 00:00:29 (478 turns).

sammy202020 the Skirmisher (Demonspawn Berserker)    Turns: 478, Time: 00:00:30

Health: -8/18      AC:  5    Str: 17    XL:     1   Next: 58%
Magic:  1/1        EV: 11    Int:  8    God:    Trog [*.....]
Gold:   0          SH:  0    Dex: 12    Spells: 0/0 levels left

rFire   . . .      SeeInvis .   a - +0 hand axe
rCold   . . .      Faith    .   (no shield)
rNeg    . . .      Spirit   .   h - +0 ring mail
rPois   .          Reflect  .   (no helmet)
rElec   .          Harm     .   (no cloak)
rCorr   .          Rampage  .   (no gloves)
Will    .....                   (no boots)
Stlth   +.........              (no amulet)
HPRegen 0.06/turn               c - ring of flight
MPRegen 0.07/turn               (no ring)

@: flying
A: no striking features
a: Renounce Religion, Berserk


You were on level 2 of the Dungeon.
You worshipped Trog.
Trog was aware of your devotion.
You visited 1 branch of the dungeon, and saw 2 of its levels.

Inventory:

Hand Weapons
 a - a +0 hand axe (weapon)
 g - a +0 club
Armour
 b - a +0 animal skin
 h - a +0 ring mail (worn)
Jewellery
 c - a ring of flight (left hand)
Scrolls
 e - a scroll of fog {unknown}
 f - a scroll of magic mapping {unknown}
Potions
 d - 2 potions of curing {unknown}
 i - a potion of degeneration {unknown}


   Skills:
 * Level 3.1 Fighting
 * Level 2.8 Axes
 + Level 1.8 Armour
 - Level 1.7 Dodging


You couldn't memorise any spells.
You didn't know any spells.
Your spell library was empty.

Dungeon Overview and Level Annotations

Branches:
Dungeon (1/15)

Altars:


Message History

The giant cockroach barely misses you. The worm misses you.
You barely miss the worm.
The worm is lightly wounded.
You hit the giant cockroach but do no damage.
The giant cockroach bites you but does no damage.
You hit the worm.
The worm is heavily wounded.
You closely miss the giant cockroach. The giant cockroach closely misses you.
The worm barely misses you. The giant cockroach barely misses you.
You hit the worm.
The worm is heavily wounded.
You hit the giant cockroach but do no damage.
The giant cockroach closely misses you. The worm bites you!
Ouch! That really hurt!
* * * LOW HITPOINT WARNING * * *
You are too injured to fight recklessly!
You are too injured to fight recklessly!
You are too injured to fight recklessly!
You are too injured to fight recklessly!
You are too injured to fight recklessly!
You are too injured to fight recklessly!
You are too injured to fight recklessly!
You are too injured to fight recklessly!
You are too injured to fight recklessly!
You are too injured to fight recklessly!
You are too injured to fight recklessly!
You are too injured to fight recklessly!
You are too injured to fight recklessly!
You are too injured to fight recklessly!
Unknown command.
You fail to use your ability.
The giant cockroach bites you.
* * * LOW HITPOINT WARNING * * *
You hit the giant cockroach but do no damage.
You barely miss the worm. The giant cockroach misses you.
The worm completely misses you.
The giant cockroach bites you but does no damage.
You hit the giant cockroach but do no damage.
You hit the worm. The giant cockroach closely misses you. The worm bites you!
Ouch! That really hurt!
You die...

#. ...+ #..
...###. #...
....... ++...
.......
.....###.......
.............
#..w.......
#.B@.......
#.........#
#.........#
#.$........
#.........#
#..........
########.## .#
.


You could see a worm and a giant cockroach.

Vanquished Creatures
  A ball python (D:1)
  A hobgoblin (D:1)
  A frilled lizard (D:1)
  A kobold (D:1)
  A rat (D:1)
5 creatures vanquished.

Notes
Turn   | Place    | Note
-------+----------+-------------------------------------------
     0 | D:1      | sammy202020 the Demonspawn Berserker began the quest for
                  | the Orb.
     0 | D:1      | Reached XP level 1. HP: 18/18 MP: 1/1
   286 | D:1      | Found a faded altar of an unknown god.
   464 | D:1      | You are sucked into a shaft and drop 1 floor!
   478 | D:2      | Mangled by a worm

Illustrated notes

Levels and vault maps discovered:
D:1:      dpeg_arrival_tiny_d, layout_loops_cross,
          chequers_ecumenical_altar_simple
D:2:      layout_basic

Action                   || total
-------------------------++-------
Melee: Hand axe          ||    18
Armor: Ring mail         ||     5
Dodge: Dodged            ||    19

Table legend: (Time is in decaauts)
 A = Elapsed time spent in this place.
 B = Non-inter-level travel time spent in this place.
 C = Inter-level travel time spent in this place.
 D = Time resting spent in this place.
 E = Time spent auto-exploring this place.
 F = Levels seen in this place.
 G = Mean time per level.
                   A        B        C        D        E       F      G
               +--------+--------+--------+--------+--------+-----+--------+
         Total |    480 |    455 |     25 |      0 |    385 |   2 |  240.0 |
       Dungeon |    480 |    455 |     25 |      0 |    385 |   2 |  240.0 |
               +--------+--------+--------+--------+--------+-----+--------+

Top non-repeatable levels by time:
     D:1: 465 daAuts
     D:2: 15 daAuts
